 Dungeon Crawl Stone Soup version 0.21.1-1-g345015fe64 (webtiles) character file.

15453 Evaline the Protected (level 12, -4/104 HPs)
             Began as a Hill Orc Gladiator on July 4, 2018.
             Was a High Priest of Yredelemnul.
             Engulfed by a cloud of freezing vapour (19 damage)
             ... in an ice cave.
             The game lasted 01:55:48 (13064 turns).

Evaline the Protected (Hill Orc Gladiator)         Turns: 13064, Time: 01:55:49

Health: -4/104     AC: 19    Str: 22    XL:     12   Next: 27%
Magic:  15/17      EV:  9    Int:  8    God:    Yredelemnul [*****.]
Gold:   710        SH:  0    Dex: 12    Spells: 11/11 levels left

rFire    + . .     SeeInvis +   b - +0 war axe
rCold    . . .     Gourm    .   (no shield)
rNeg     . . .     Faith    .   H - +2 chain mail {rF+}
rPois    +         Spirit   .   n - +2 hat
rElec    .         Reflect  .   P - +0 cloak
rCorr    .         Harm     .   y - +0 pair of gloves
MR       .....                  (no boots)
Stlth    ..........             (no amulet)
HPRegen  0.27/turn              C - ring of poison resistance
MPRegen  0.15/turn              k - ring of see invisible

@: very slow
A: no striking features
a: Recall Undead Slaves, Injury Mirror, Animate Dead, Drain Life, Enslave Soul,
Renounce Religion


You were in an ice cave.
You worshipped Yredelemnul.
Yredelemnul was extremely pleased with you.
You were hungry.

You visited 2 branches of the dungeon, and saw 13 of its levels.
You also visited: Ice Cave.

You collected 710 gold pieces.

Inventory:

Hand Weapons
 a - the +7 great mace "Undeadhunter" {disrupt, rN+}
   (You found it on level 10 of the Dungeon)

   It protects you from negative energy.
 b - a +0 war axe (weapon)
 q - a +0 blowgun
 w - a +0 bardiche
 O - the +4 falchion of Linearity {slice, rF+}
   (You took it off an orc on level 7 of the Dungeon)

   It inflicts extra damage upon your enemies.
   It protects you from fire.
Missiles
 c - 128 poisoned needles
 d - 3 throwing nets
 i - 391 stones (quivered)
 F - 7 tomahawks
 Q - 3 curare-tipped needles
 X - 3 tomahawks of dispersal
Armour
 n - a +2 hat (worn)
 y - a +0 pair of gloves (worn)
 B - a +4 plate armour of ponderousness
 H - a +2 chain mail of fire resistance (worn)
 P - a +0 cloak (worn)
 Y - the cursed +1 leather armour "Damnable Contraption" {rPois Dex+4, unknown}
   (You found it on level 11 of the Dungeon)

   It affects your dexterity (+4).
   It protects you from poison.
   It has a curse placed upon it.
Jewellery
 k - a ring of see invisible (right hand)
 l - an uncursed ring of positive energy
 o - an uncursed ring of ice
 C - a ring of poison resistance (left hand)
 T - an uncursed ring of flight
Wands
 s - a wand of paralysis (11)
 t - a wand of random effects (23)
 J - a wand of flame (26)
 M - a wand of clouds (7)
 W - a wand of polymorph (9)
Scrolls
 g - 6 scrolls of teleportation
 u - a scroll of remove curse
 E - a scroll of blinking
 G - a scroll of immolation {unknown}
 N - a scroll of enchant armour {unknown}
 R - a scroll of noise {unknown}
 S - a scroll of random uselessness {unknown}
 V - a scroll of acquirement {unknown}
 Z - a scroll of brand weapon {unknown}
Potions
 h - 2 potions of might
 j - 2 potions of invisibility
 m - 7 potions of curing
 p - a potion of lignification {unknown}
 r - a potion of degeneration {unknown}
 v - a potion of ambrosia {unknown}
 x - a potion of brilliance {unknown}
 A - 7 potions of heal wounds
 D - a potion of flight
 I - a potion of mutation
 K - a potion of haste
 U - a potion of resistance
Miscellaneous
 e - a lightning rod (4/4)
Comestibles
 f - 27 rations


   Skills:
 + Level 9.1 Fighting
 + Level 9.2(11.9) Axes
 + Level 10.2(11.2) Maces & Flails
 + Level 2.7(5.6) Polearms
 + Level 5.6 Throwing
 * Level 12.4 Armour
 - Level 2.4 Dodging
 - Level 7.0 Invocations


You had 11 spell levels left.
You didn't know any spells.

Dungeon Overview and Level Annotations

Branches:
Dungeon (12/15)            Temple (1/1) D:5            Lair (0/6) D:8
    Orc: D:9-12

Altars:
Ashenzari
Cheibriados
Dithmenos
Fedhas
Gozag
Hepliaklqana
Kikubaaqudgha
Makhleb
Okawaru
Qazlal
Sif Muna
Trog
Uskayaw
Vehumet
Wu Jian
Xom
Yredelemnul
Zin
The Shining One

Annotations:
D:1 Money OOR - Digging
D:2 Hostiles(R) OOR - Digging
D:10 Hostile Angel OOR Digging/Stairs


Message History

The yak gores you but does no damage.
Your yak zombie gores the yak!
You hit the yak.
The yak is severely wounded.
The yak misses you.
Your yak zombie gores the yak.
You hit the yak but do no damage.
The yak is almost dead.
The yak barely misses you.
You slash the yak!
You kill the yak!
Yredelemnul accepts your kill.
You see here a yak corpse.
You call on the dead to rise...
The dead are walking!
You are feeling hungry.
You are engulfed in freezing vapours.
* * * LOW HITPOINT WARNING * * *
You enter the shallow water.
Moving in this stuff is going to be slow.
You are engulfed in freezing vapours.
You die...
Your body rises from the dead as a mindless zombie.

#...##
##...#
#.Z.##
##.Z#
##.##
#..##
##§Z##
##§§##
#§@§Z#
#§#§§##
##.§##
..##
.Z.
#..#
#.. ##.


You could see 3 friendly yak zombies and 2 friendly polar bear zombies.

Vanquished Creatures
  The ghost of cokecookie the Cleaver, a journeyman MiBe of Trog (D:11)
  A two-headed ogre (D:11)
  A centaur zombie (D:11)
  A kobold demonologist (D:11)
  A troll (D:10)
  A queen bee (D:9)
  A hornet (D:12)
  A polar bear (IceCv)
  Grinder (D:5)
  Prince Ribbit (D:5)
  3 hippogriffs
  2 wyverns (D:8)
  A vampire (D:12)
  Eustachio (D:5)
  9 yaks
  A hungry ghost (D:7)
  A water moccasin (D:8)
  4 orc warriors
  An ice beast (D:6)
  A sky beast (D:10)
  A phantom (D:10)
  7 ogres
  A wolf (IceCv)
  15 centaurs
  A big kobold (D:9)
  7 bullfrogs
  4 scorpions
  A water moccasin skeleton (D:8)
  13 killer bees
  A howler monkey (D:4)
  2 crimson imps
  5 hounds
  7 orc priests
  3 jellies
  Terence (D:3)
  2 centaur skeletons
  An iguana (D:6)
  11 orc wizards
  6 worker ants
  A hound zombie (D:5)
  4 hound skeletons
  2 worker ant zombies
  11 gnolls
  9 adders
  A shadow imp (D:5)
  3 oozes
  A worm (D:2)
  2 dart slugs
  2 leopard geckos
  39 orcs
  A ball python (D:2)
  6 bats
  A giant cockroach (D:3)
  7 goblins
  17 hobgoblins
  8 jackals
  25 kobolds
  3 quokkas
  A frilled lizard (D:5)
  A leopard gecko zombie (D:5)
  10 rats
278 creatures vanquished.

Vanquished Creatures (collateral kills)
  A hydra (D:10)
  4 two-headed ogres
  Erica (D:9)
  A manticore (D:11)
  2 trolls
  2 yaks (D:10)
  3 wyverns
  A hungry ghost (D:8)
  A steam dragon (D:8)
  An ice beast (D:5)
  3 orc warriors
  A phantom (D:5)
  4 centaurs
  An ogre (D:7)
  A crocodile (D:8)
  2 big kobolds (D:10)
  3 bullfrogs
  13 killer bees
  A crimson imp (D:9)
  2 jellies
  A hound (D:10)
  A bullfrog zombie (D:8)
  A bullfrog skeleton (D:8)
  3 orc priests
  Crazy Yiuf (D:7)
  2 iguanas
  5 orc wizards
  6 gnolls
  4 adders
  A shadow imp (D:11)
  An ooze (D:4)
  An adder skeleton (D:9)
  A worm (D:5)
  A leopard gecko (D:10)
  11 orcs
  A jackal (D:4)
  11 kobolds
  A fungus (D:7)
  13 plants (D:9)
114 creatures vanquished.

Vanquished Creatures (others)
  A phantasmal warrior (D:11)
  A polar bear (IceCv)
  8 flying skulls
  A yak (IceCv)
  A manticore zombie (D:11)
  2 wolves (IceCv)
  A wyvern zombie (D:8)
  A water moccasin zombie (D:8)
  2 troll zombies
  2 wights (D:11)
  5 centaur zombies
  A bullfrog zombie (D:8)
  A bullfrog skeleton (D:11)
  A centaur skeleton (D:10)
  5 killer bee zombies (D:9)
  An ogre zombie (D:6)
  3 hound zombies
  2 mummies
  A worker ant zombie (D:8)
  A scorpion zombie (D:5)
  An adder zombie (D:8)
  A gnoll zombie (D:9)
  A kobold zombie (D:10)
  An orc skeleton (D:7)
  12 orc zombies
  10 plants (D:9)
67 creatures vanquished.

Grand Total: 459 creatures vanquished

Notes
Turn   | Place    | Note
-------+----------+-------------------------------------------
     0 | D:1      | Evaline the Hill Orc Gladiator began the quest for the Orb.
     0 | D:1      | Reached XP level 1. HP: 18/18 MP: 1/1
   292 | D:1      | Reached XP level 2. HP: 22/25 MP: 2/2
   341 | D:1      | Reached skill level 1 in Armour
   692 | D:1      | Reached XP level 3. HP: 30/31 MP: 3/3
  1290 | D:2      | Reached skill level 5 in Axes
  1314 | D:2      | Found a blossoming altar of Fedhas.
  1360 | D:2      | Noticed a hand axe
  1360 | D:2      | Noticed a dagger
  1371 | D:2      | Found a hide-covered altar of Uskayaw.
  1789 | D:2      | Reached XP level 4. HP: 26/38 MP: 4/4
  2028 | D:2      | Reached skill level 2 in Armour
  2403 | D:3      | Found a basalt altar of Yredelemnul.
  2417 | D:3      | Reached XP level 5. HP: 38/45 MP: 5/5
  2434 | D:3      | Became a worshipper of Yredelemnul the Dark
  2492 | D:3      | Noticed Terence
  2510 | D:3      | Killed Terence
  2889 | D:4      | Noticed an ogre
  2977 | D:4      | Reached skill level 3 in Armour
  2977 | D:4      | Reached XP level 6. HP: 41/51 MP: 6/6
  3308 | D:4      | Reached * piety under Yredelemnul
  3321 | D:4      | Got a faintly glowing ring mail
  3439 | D:3      | Identified the +1 ring mail of the Cicada {*Slow rPois rF- Regen+} (You took it off a kobold on level 4 of the Dungeon)
  3755 | D:4      | Reached XP level 7. HP: 58/58 MP: 7/7
  3880 | D:4      | Reached ** piety under Yredelemnul
  3934 | D:4      | Reached skill level 4 in Armour
  4239 | D:5      | Entered Level 5 of the Dungeon
  4274 | D:5      | Noticed Prince Ribbit
  4274 | D:5      | Reached skill level 1 in Invocations
  4397 | D:5      | Paralysed by a gnoll for 4 turns
  4415 | D:5      | Noticed Eustachio
  4449 | D:5      | Killed Eustachio
  4449 | D:5      | Reached skill level 1 in Maces & Flails
  4504 | D:5      | Reached XP level 8. HP: 58/66 MP: 10/10
  4534 | D:5      | Found a staircase to the Ecumenical Temple.
  4548 | D:5      | Killed Prince Ribbit
  4548 | D:5      | Reached skill level 5 in Armour
  4585 | D:5      | Noticed Grinder
  4598 | D:5      | Killed Grinder
  4598 | D:5      | Reached skill level 5 in Invocations
  5025 | D:5      | Found a stormy altar of Qazlal.
  5093 | Temple   | Entered the Ecumenical Temple
  5427 | D:6      | Found an ancient bone altar of Kikubaaqudgha.
  5467 | D:6      | Found an iron altar of Okawaru.
  5583 | D:6      | Reached skill level 6 in Armour
  5583 | D:6      | Reached XP level 9. HP: 27/72 MP: 13/13
  6357 | D:7      | Found an opulent altar of Gozag.
  6475 | D:7      | Found a hazy altar of Hepliaklqana.
  6500 | D:6      | Reached skill level 5 in Fighting
  6782 | D:7      | Reached skill level 7 in Armour
  6862 | D:7      | Reached *** piety under Yredelemnul
  6862 | D:7      | Reached skill level 5 in Maces & Flails
  7037 | D:7      | Got a brightly glowing falchion {slice}
  7049 | D:7      | Identified the +4 falchion of Linearity {slice, rF+} (You took it off an orc on level 7 of the Dungeon)
  7075 | D:7      | Found a runed door.
  7080 | D:7      | Noticed Crazy Yiuf
  7089 | D:7      | Killed Crazy Yiuf
  7365 | D:8      | Noticed a two-headed ogre
  7377 | D:7      | Killed a two-headed ogre
  7377 | D:7      | Reached skill level 8 in Armour
  7447 | D:8      | Reached XP level 10. HP: 81/81 MP: 14/14
  7484 | D:7      | Reached skill level 5 in Throwing
  7625 | D:8      | Noticed a two-headed ogre
  7656 | D:8      | Killed a two-headed ogre
  7921 | D:8      | Received a gift from Yredelemnul (a mummy)
  7984 | D:8      | Reached skill level 9 in Armour
  8491 | D:8      | Found a staircase to the Lair.
  8969 | D:9      | Noticed Erica
  8984 | D:8      | Received a gift from Yredelemnul (4 flying skulls)
  9136 | D:9      | Reached **** piety under Yredelemnul
  9169 | D:9      | Noticed a two-headed ogre
  9177 | D:9      | Killed a two-headed ogre
  9177 | D:9      | Reached skill level 1 in Polearms
  9194 | D:9      | Reached skill level 10 in Armour
  9359 | D:9      | Noticed a two-headed ogre
  9397 | D:9      | Killed a two-headed ogre
  9397 | D:9      | Reached XP level 11. HP: 82/92 MP: 15/15
  9457 | D:9      | Received a gift from Yredelemnul (a mummy)
  9595 | D:9      | Killed Erica
 10192 | D:10     | Entered Level 10 of the Dungeon
 10206 | D:10     | Found a runed door.
 10206 | D:10     | Noticed an angel
 10207 | D:10     | Found a glowing golden altar of the Shining One.
 10224 | D:10     | Found the +7 great mace "Undeadhunter" {disrupt, rN+}
 10274 | D:10     | Received a gift from Yredelemnul (a wight)
 10375 | D:10     | Reached skill level 11 in Armour
 10416 | D:10     | Reached ***** piety under Yredelemnul
 10466 | D:10     | Received a gift from Yredelemnul (4 flying skulls)
 10669 | D:10     | Received a gift from Yredelemnul (a wight)
 11118 | D:11     | Noticed a manticore
 11124 | D:11     | Killed a manticore
 11156 | D:11     | Received a gift from Yredelemnul (a phantasmal warrior)
 11296 | D:11     | Got a bloodstained leather armour
 11385 | D:11     | Noticed a two-headed ogre
 11392 | D:11     | Killed a two-headed ogre
 11394 | D:11     | Noticed a seven-headed hydra
 11753 | D:10     | Killed a seven-headed hydra
 11996 | D:11     | Noticed cokecookie's ghost (journeyman MiBe)
 12008 | D:11     | Killed cokecookie's ghost
 12008 | D:11     | Reached skill level 12 in Armour
 12008 | D:11     | Reached XP level 12. HP: 80/103 MP: 17/17
 12299 | D:11     | Reached skill level 10 in Maces & Flails
 12716 | D:12     | Found a frozen archway.
 12770 | IceCv    | Entered an ice cave
 13064 | IceCv    | Engulfed by a cloud of freezing vapour

Skill      XL: |  1  2  3  4  5  6  7  8  9 10 11 12 |
---------------+-------------------------------------+-----
Armour         | 1 2 3 4 6 8 10 12 | 12.4
Fighting       | 3 4 5 7 8 9 |  9.1
Throwing       | 2 3 4 5 |  5.6
Axes           | 5 6 7 8 9 |  9.2
Invocations    | 3 6 7 |  7.0
Maces & Flails | 1 3 6 8 9 10 | 10.2
Polearms       | 1 2 |  2.7
Dodging        | |  2.4

Action                   |  1- 3 |  4- 6 |  7- 9 | 10-12 || total
-------------------------+-------+-------+-------+-------++-------
Melee: War axe           |   108 |   173 |    53 |    77 ||   411
       Spear             |     2 |     4 |     9 |    87 ||   102
       Whip              |       |    13 |   149 |       ||   162
       Dagger            |       |       |    43 |    25 ||    68
       Dire flail        |       |       |   106 |   151 ||   257
       Mace              |       |       |       |     3 ||     3
       Great mace        |       |       |       |   141 ||   141
 Fire: Blowgun           |       |       |       |     4 ||     4
Throw: Stone             |    45 |   118 |   143 |    21 ||   327
       Tomahawk          |       |       |     6 |     4 ||    10
Invok: Recall Undead Sla |       |       |    12 |     8 ||    20
       Animate Remains   |       |       |    20 |       ||    20
       Animate Dead      |       |       |     3 |    43 ||    46
       Stop Recall       |       |       |       |     1 ||     1
Evoke: Wand              |       |       |       |     1 ||     1
  Use: Scroll            |       |       |       |    16 ||    16
 Stab: Sleeping          |     1 |       |       |       ||     1
       Distracted        |       |       |     3 |     4 ||     7
  Eat: Chunk             |     3 |     6 |    11 |    25 ||    45
       Ration            |       |       |     3 |     2 ||     5
Armor: Leather armour    |    39 |    30 |       |       ||    69
       Ring mail         |       |    48 |    64 |       ||   112
       Chain mail        |       |       |    90 |   365 ||   455
Dodge: Dodged            |    93 |   157 |   157 |   287 ||   694
